Cogmind - Beta 15 @@@ ROGUE MODE // 2025.07.31 @ 16:23:19 Player: Inverisimilidude Result: Destroyed by G-47 Trooper with Particle Gun Performance ------------- Evolutions (0) 0 Regions Visited (2) 400 Robots Destroyed (18) 90 Value Destroyed (371) 371 Prototype IDs (0) 0 Alien Tech Used (0) 0 Bonus (0) 0 TOTAL SCORE: 861 Bonus ------- None Cogmind --------- Core Integrity 0/250 Matter 275/300 Energy 80/100 System Corruption 0% Temperature Cool (9) Movement Rolling (115) Ox1 Location -10/Mines Parts ------- > --- POWER (1) -------- (None) > --- PROPULSION (2) --- Compact Wheel > --- UTILITY (2) ------ Large Storage Unit Sensor Array > --- WEAPON (2) ------- Medium Laser Light Assault Rifle > --- INVENTORY (15) --- Ion Engine Light Ion Engine Light Treads Wheel Wheel Wheel Large Matter Pod (150) Signal Interpreter Terrain Scanner Light Assault Rifle Light Assault Rifle Peak State ------------ > --- POWER ------------ Light Ion Engine > --- PROPULSION ------- Compact Wheel Compact Wheel > --- UTILITY ---------- Large Storage Unit Seismic Detector > --- WEAPON ----------- Medium Laser Assault Rifle > --- INVENTORY -------- Ion Engine Wheel Wheel Wheel Large Matter Pod Sensor Array Signal Interpreter Medium Laser Light Assault Rifle Light Assault Rifle [Rating: 8] Favorites ----------- Power Light Ion Engine Engine Light Ion Engine Propulsion Compact Wheel Wheel Compact Wheel Utility Large Storage Unit Device Sensor Array Storage Large Storage Unit Weapon Medium Laser Energy Gun Medium Laser Ballistic Gun Assault Rifle Build | -11 -10 -10 ------- Run | Yrd Mat Min Slots Evolved . | . . . Power . | . . . Propulsion . | . . . Utility . | . . . Weapon . | . . . Parts Attached 14 | 7 3 4 Power 2 | 1 . 1 Engine 2 | 1 . 1 Core . | . . . Reactor . | . . . Propulsion 3 | 2 1 . Treads . | . . . Leg . | . . . Wheel 3 | 2 1 . Hover . | . . . Flight . | . . . Utility 4 | 2 1 1 Device 2 | 1 . 1 Storage 2 | 1 1 . Processor . | . . . Hackware . | . . . Protection . | . . . Artifact . | . . . Weapon 5 | 2 1 2 Energy Gun 2 | 1 . 1 Energy Cannon . | . . . Ballistic Gun 3 | 1 1 1 Ballistic Cannon . | . . . Launcher . | . . . Special Weapon . | . . . Impact Weapon . | . . . Slashing Weapon . | . . . Piercing Weapon . | . . . Special Melee Weapon . | . . . Unidentified Prototypes . | . . . Parts Lost 6 | . 2 4 Power 1 | . . 1 Propulsion 2 | . 1 1 Utility 1 | . 1 . Weapon 2 | . . 2 Highest Loss Streak 4 | . 1 4 To Critical Strikes . | . . . Average Backups 9 | 2 8 12 Power 1 | . 1 1 Propulsion 3 | 1 3 4 Utility 2 | . 1 3 Weapon 3 | . 2 3 Tool/Special . | . . . Unused Backups 12 | . 3 9 Power 1 | . . 1 Propulsion 7 | . 3 4 Utility 3 | . . 3 Weapon 1 | . . 1 Tool/Special . | . . . Average Slot Usage (%) 97 | . 95 98 Engine 13 | . 14 13 Wheel 28 | . 28 28 Device 11 | . 10 13 Storage 14 | . 14 14 Energy Gun 13 | . 14 13 Ballistic Gun 14 | . 14 14 Peak Build Rating 8 | 7 8 8 Average Rating 7 | 5 7 7 On Entrance 4 | . 7 7 Naked Turns . | . . . Heaviest Build 30 | 12 28 30 Greatest Support 32 | 32 32 32 Greatest Overweight (x) . | . . . Average Overweight (x) . | . . . Largest Inventory Capacity 15 | 8 15 15 Average Capacity 12 | 7 11 15 Most Carried 13 | 5 12 13 Average Carried 9 | 3 8 12 Final Capacity 15 | 8 15 15 Final Carried 12 | 5 12 11 Class Distribution -------------------- 100% | Mutant Dominant Class ---------------- Mutant | -10/Materials Mutant | -10/Mines Resources | -11 -10 -10 ----------- Run | Yrd Mat Min Matter Collected 583 | 276 236 71 Remotely . | . . . Salvage Created 616 | 111 314 191 Parts 30 | 3 11 16 Haulers Intercepted 1 | . 1 . Recyclers Shooed 2 | . 2 . Parts Field Recycled . | . . . Retrieved Matter . | . . . Parts Self-Destructed . | . . . Prevented . | . . . Kills | -11 -10 -10 ------- Run | Yrd Mat Min Combat Hostiles Destroyed 13 | . 4 9 Guns 12 | . 4 8 AOE 1 | . . 1 Classes Destroyed 6 | 2 3 1 Tunneler 1 | 1 . . Hauler 1 | . 1 . Recycler 2 | 1 1 . Watcher 1 | . 1 . Swarmer 6 | . . 6 Grunt 7 | . 4 3 Best Kill Streak 3 | 2 2 3 Combat Bots Only 3 | . 2 3 Max Kills in Single Turn 1 | 1 1 1 Gunslinging . | . . . Exploded 1 | . . 1 Melee . | . . . Uniques/NPCs Destroyed . | . . . Combat | -11 -10 -10 -------- Run | Yrd Mat Min Hostile Shots Fired 72 | . 28 44 Missed 15 | . 5 10 Hits 57 | . 23 34 Projectile 57 | . 23 34 Damage Taken 672 | . 291 381 Core 262 | . 110 152 Absorbed by Shields . | . . . Core Remaining (%) 100 | 100 . . Volleys Fired 60 | 7 31 22 Largest 2 | 2 2 2 Hottest 70 | 70 70 70 Shots Fired 117 | 14 62 41 Gun 117 | 14 62 41 Cannon . | . . . Launcher . | . . . Special . | . . . Kinetic 60 | 7 31 22 Thermal 57 | 7 31 19 Explosive . | . . . Electromagnetic . | . . . Robot Hit Streak 10 | 8 10 9 Robot Miss Streak 3 | 1 3 3 Penetration Max . | . . . Secondary Targets 2 | . . 2 Max Gunslinging Chain 1 | . . 1 Shots Hit Robots 84 | 11 43 30 Core Hits 32 | 4 14 14 Critical Kills . | . . . Critical Parts Destroyed . | . . . Critical Strikes 4 | 1 3 . Burn 4 | 1 3 . Melee Attacks . | . . . Impact . | . . . Slashing . | . . . Piercing . | . . . Sneak Attacks . | . . . Combat Hostiles . | . . . Follow-up Attacks . | . . . Damage Inflicted 1162 | 111 539 512 Guns 1041 | 111 539 391 Cannons . | . . . Explosions 121 | . . 121 Melee . | . . . Ramming . | . . . Kinetic 507 | 50 238 219 Thermal 655 | 61 301 293 Explosive . | . . . Electromagnetic . | . . . Impact . | . . . Slashing . | . . . Piercing . | . . . Highest Corruption . | . . . Average Corruption . | . . . Corruption Purged . | . . . Corruption Blocked . | . . . Overload Shots . | . . . Overflow Damage 17 | . . 17 Projectiles . | . . . Explosions 17 | . . 17 Melee . | . . . Knockbacks . | . . . Impact . | . . . Kinetic . | . . . Secondary . | . . . Self-Inflicted Damage . | . . . Shots . | . . . Rammed . | . . . Targets Rammed . | . . . Kicked . | . . . Crushed . | . . . Highest Temperature 145 | 70 145 59 Average Temperature 41 | 31 52 25 Received Heat Transfer 291 | . 159 132 Siege Activations . | . . . Martial Activations . | . . . Shielding Activations . | . . . Robots Disrupted . | . . . Combat Hostiles . | . . . Robots Corrupted . | . . . Combat Hostiles . | . . . Parts Fried . | . . . Impact Corruptions . | . . . Robots Melted . | . . . Combat Hostiles . | . . . Parts Melted 5 | 1 4 . Heat Transferred 2037 | 259 1110 668 Parts Sabotaged . | . . . Parts Stolen . | . . . Parts Stripped . | . . . Power Chain Reactions . | . . . Alert | -11 -10 -10 ------- Run | Yrd Mat Min Maximum Alert Level . | . . . Low Security (%) 100 | 100 100 100 Level 1 . | . . . Level 2 . | . . . Level 3 . | . . . Level 4 . | . . . Level 5 . | . . . High Security . | . . . Max Security . | . . . Peak Influence 94 | 10 50 94 Initial . | . . . Average 18 | . 8 28 Influence Increases 374 | 10 124 240 Destroy 0b10 Robot/C 260 | . 80 180 Destroy 0b10 Robot/NC 25 | 10 15 . Destroy Leader 44 | . 14 30 Successful Hack 8 | . . 8 Disable Machine 15 | . . 15 Destroy Structure 7 | . . 7 Lose Combat Pursuer 15 | . 15 . Influence Decreases 340 | 10 124 206 Time Decay 300 | 10 124 166 Lost Part 40 | . . 40 Squads Dispatched . | . . . Investigation . | . . . Extermination . | . . . Reinforcement . | . . . Assault . | . . . Garrison . | . . . Intercept . | . . . Searches Triggered . | . . . Construction Impeded . | . . . Haulers Reinforced . | . . . Active Scanning Responses . | . . . Cargo Convoy Interrupts . | . . . Stealth | -11 -10 -10 --------- Run | Yrd Mat Min Distress Signals 2 | . 2 . Communications Jammed . | . . . Distress Signals . | . . . Times Spotted 17 | . 8 9 Peak Tracking Total 2 | . 2 2 Tactical Retreats 1 | . 1 . Traps | -11 -10 -10 ------- Run | Yrd Mat Min Traps Triggered 1 | . 1 . Indirectly . | . . . Trap Hack Attempts . | . . . Triggered . | . . . Disarmed . | . . . Reprogrammed . | . . . Reused . | . . . Traps Extracted . | . . . Installed . | . . . Triggered . | . . . Objects Rigged 1 | . . 1 Exploded 1 | . . 1 Machines | -11 -10 -10 ---------- Run | Yrd Mat Min Machines Disabled 1 | . . 1 Max in Single Turn 1 | . . 1 Machines Repaired . | . . . Machines Dismantled . | . . . Machines Sabotaged . | . . . Overloaded Fab Kills . | . . . Hacking | -11 -10 -10 --------- Run | Yrd Mat Min Machines Accessed 2 | . 1 1 Terminals 2 | . 1 1 Fabricators . | . . . Repair Stations . | . . . Recycling Units . | . . . Scanalyzers . | . . . Garrison Access . | . . . Total Hacks 3 | . 2 1 Successful 1 | . . 1 Failed 2 | . 2 . Catastrophic . | . . . Database Lockouts . | . . . Manual 3 | . 2 1 Terminals 3 | . 2 1 Fabricators . | . . . Repair Stations . | . . . Recycling Units . | . . . Scanalyzers . | . . . Garrison Access . | . . . Terminal Hacks . | . . . Fabricator Hacks . | . . . Repair Station Hacks . | . . . Recycling Unit Hacks . | . . . Scanalyzer . | . . . Garrison Access Hacks . | . . . Unauthorized Hacks 1 | . . 1 Terminals 1 | . . 1 Detonate 1 | . . 1 Fabricators . | . . . Repair Stations . | . . . Recycling Units . | . . . Scanalyzers . | . . . Garrison Access . | . . . Data Cores Recovered . | . . . Used . | . . . Hacking Detections 1 | . 1 . Full Trace Events . | . . . Feedback Events . | . . . Feedback Blocked . | . . . Robot Schematics Acquired . | . . . Robots Built . | . . . Authchips . | . . . Time . | . . . Total Robot Build Rating . | . . . Part Schematics Acquired . | . . . Parts Built . | . . . Authchips . | . . . Time . | . . . Total Part Build Rating . | . . . Parts Repaired . | . . . Time . | . . . Parts Recycled . | . . . Recycled Matter . | . . . Retrieved Matter . | . . . Retrieved Components . | . . . Parts Scanalyzed . | . . . Part Schematics Acquired . | . . . Parts Damaged . | . . . Bothacking | -11 -10 -10 ------------ Run | Yrd Mat Min Used RIF Installer . | . . . Robots Hacked . | . . . Non-combat . | . . . Combat . | . . . Robot Hacks Applied . | . . . Relay Couplers Released . | . . . Fabnet Peak Effective % . | . . . Robots Rewired . | . . . Allies Hacked . | . . . Hacks Repelled . | . . . Allies | -11 -10 -10 -------- Run | Yrd Mat Min Total Allies . | . . . Largest Group . | . . . Highest-Rated Group . | . . . Highest-Rated Ally . | . . . Total Orders . | . . . Ally Attacks . | . . . Total Damage . | . . . Kills . | . . . Allies Corrupted . | . . . Allies Melted . | . . . Intel | -11 -10 -10 ------- Run | Yrd Mat Min Active Infowar (turns) 1116 | 26 387 703 Sensors 703 | . . 703 Seismic 413 | 26 387 . Robot Analysis Total . | . . . Derelict Logs Recovered 1 | . . 1 Drone Launches . | . . . Drone Recoveries . | . . . Exploration | -11 -10 -10 ------------- Run | Yrd Mat Min Turns Passed 1391 | 113 550 728 Spaces Moved 865 | 79 408 378 Core 4 | 4 . . Treads . | . . . Legs . | . . . Wheels 861 | 75 408 378 Hover . | . . . Flight . | . . . Fastest Speed 50 | 50 100 100 Average Speed 99 | 97 100 100 Slowest Speed 100 | 100 100 100 Overloaded Moves . | . . . Propulsion Burnouts . | . . . Robots Hopped . | . . . Potential Cave-ins . | . . . Cave-ins Triggered . | . . . Exploration Rate (%) 33 | 4 42 53 Regions Visited 2 Branch Regions 1 Pre-discovered Areas . | . . . Known Exits Taken . | . . . Unknown Exits Taken 2 | 1 1 . Scrap Searched . | . . . Spaces Dug . | . . . Terrain Destroyed 7 | . . 7 Melee . | . . . Projectile . | . . . AOE 7 | . . 7 Terrain Rammed . | . . . Walls Destroyed . | . . . Machines Disabled . | . . . Actions | -11 -10 -10 --------- Run | Yrd Mat Min Total 1276 | 98 490 688 Wait 317 | 1 33 283 Move 863 | 78 407 378 Hop . | . . . Pick Up 17 | 5 11 1 Fast Attach 8 | 7 1 . Attach 4 | . 1 3 Detach . | . . . Swap 3 | . 2 1 Drop 4 | . 4 . Fire 60 | 7 31 22 Melee . | . . . Ram . | . . . Kick . | . . . Crush . | . . . Escape Stasis . | . . . Rewire . | . . . Trap . | . . . Miscellaneous . | . . . Route ------- -11/Scrapyard -10/Materials -10/Mines (discovered 3 exits: [*Mat x2] / [*Exi]) History --------- Turn | Location | Event 31 | -11/Scrapyard | Discovered new exit (range 13) 114 | -11/Scrapyard | Entered Materials 261 | -10/Materials | Discovered new exit (range 9) 306 | -10/Materials | Build established: Mutant 614 | -10/Materials | Derelicts attacked the area 664 | -10/Materials | Entered Mines 666 | -10/Mines | Core integrity fell below 50% 765 | -10/Mines | Deemed a non-threat by the Exiles lab entrance 766 | -10/Mines | Discovered new exit (range 5) 780 | -10/Mines | Discovered new exit (range 10) 1316 | -10/Mines | Discovered new exit (range 9) 1377 | -10/Mines | Core integrity fell below 20% 1392 | -10/Mines | Destroyed by G-47 Trooper with Particle Gun Last Messages --------------- 01187_ Acquired 3 matter. 01189_ Acquired 4 matter. 01285_ G-47 Trooper destroyed. 01285_ Switching to secondary target: G-34 Mercenary. 01291_ G-34 Mercenary destroyed. 01304_ Acquired 24 matter. 01316_ EXIT=FOUND 01329_ Acquired derelict log, extracted data. Data stored: Storage entrances (x1). 01372_ Ion Engine destroyed. 01375_ Assault Rifle destroyed. 01378_ G-34 Mercenary destroyed. 01378_ Switching to secondary target: G-47 Trooper. 01380_ K-01 Serf collects debris. 01384_ Med. Laser destroyed. 01385_ K-01 Serf collects debris. 01390_ Com. Wheel destroyed. 01391_ K-01 Serf collects debris. Map ----- +----------------------------------------------------+ | ?????????????????????????????????????????????????? | | ?????????????????????????????????????????????????? | | ?????????????????????????????????????????????????? | | ?????????????????????????????????????????????????? | | ?????????????????????????????????????????????????? | | ?????????????????????????????????????????????????? | | ?????????????????????????????????????????????????? | | ?????????????????????????????????????????????????? | | ??????????????????? ????????????????????????? | | ?????????????????? ????????????????????????? | | ?????????????????# ?????????????????????????? | | ?????????????????# ??????????????????????????? | | ?????????????????? #??????????????????????????? | | ??????#####??????? ##?????????????????????????? | | ####### ######??# #?????????????????????????? | | #### #?????????????????????????? | | ??# ## #?????????????????????????? | | ??# # ## #?????????????????????????? | | ### #### #?????????????????????????? | | ## #??# ##????####?????????????????? | | ### ##??# ##??### ##????????????????? | | #### #?###???## #### #????????????????? | | ???# #????????## k #????????????????? | | ???# #?????????## = ##### ##?????????? | | ???# ###????????## ####%g #?????????? | | ???# #?????????# #?#@[ ###### #?????????? | | ???### #?????????## ##?# ##??????? #????????? | | ?????# #??##?#########??# #?????????????????? | | ?????# ## #??????# #?????????????????? | | ?????# """ ????????# ##?????????????????? | | ?????# ## """ ????????# ##??????????????????? | | ?????# #??"""